 Dungeon Crawl Stone Soup version 0.19.1 (webtiles) character file.

74 smedtjen the Skirmisher (level 4, -2/41 HPs)
             Began as a Minotaur Abyssal Knight on Nov 24, 2016.
             Was a Believer of Lugonu.
             Slain by a gnoll (4 damage)
             ... on level 2 of the Dungeon.
             The game lasted 00:06:58 (2376 turns).

smedtjen the Skirmisher (Minotaur Abyssal Knight)   Turns: 2376, Time: 00:06:59

Health: -2/41      AC:  3    Str: 18    XL:     4   Next: 9%
Magic:  4/4        EV: 11    Int:  9    God:    Lugonu [**....]
Gold:   46         SH:  0    Dex:  9    Spells: 0 memorised, 3 levels left

rFire  . . .     SeeInvis .     a - +1 hand axe
rCold  . . .     Gourm    .     b - +0 leather armour
rNeg   . . .     Faith    .     (no shield)
rPois  .         Spirit   .     (helmet restricted)
rElec  .         Reflect  .     (no cloak)
rCorr  .         Harm     .     (no gloves)
MR     .....                    (no boots)
Stlth  +.........               (no amulet)
                                (no ring)
                                (no ring)

@: no status effects
A: retaliatory headbutt, horns 2
a: Depart the Abyss, Bend Space, Renounce Religion


You were on level 2 of the Dungeon.
You worshipped Lugonu.
Lugonu was pleased with you.
You were not hungry.

You visited 1 branch of the dungeon, and saw 2 of its levels.
You visited the Abyss 1 time.

You collected 46 gold pieces.

Inventory:

Hand Weapons
 a - a +1 hand axe (weapon)
Armour
 b - a +0 leather armour (worn)
Scrolls
 e - 2 scrolls of teleportation {unknown}
 f - a scroll of recharging {unknown}
 g - 2 scrolls of remove curse {unknown}
 l - a scroll of identify {unknown}
Potions
 i - a potion of curing {unknown}
 j - a potion of cure mutation
 k - a potion of lignification {unknown}
Comestibles
 c - 2 bread rations
 d - a chunk of flesh
 h - a beef jerky


   Skills:
 + Level 4.7 Fighting
 + Level 3.5 Axes
 + Level 3.1 Armour
 + Level 1.4 Dodging
 + Level 1.9 Invocations


You had 3 spell levels left.
You didn't know any spells.

Dungeon Overview and Level Annotations

Branches:
Dungeon (2/15)

Altars:
Okawaru


Innate Abilities, Weirdness & Mutations

You reflexively headbutt those who attack you in melee.
You have a pair of horns on your head.


Message History

You hit the gnoll. Your headbutt misses the gnoll.
The gnoll is heavily wounded.
The gnoll barely misses you. x2
You hit the gnoll.
The gnoll is severely wounded.
The gnoll hits you. The gnoll barely misses you.
The gnoll hits you from afar with a halberd!
* * * LOW HITPOINT WARNING * * *
You barely miss the gnoll.
The gnoll is severely wounded.
The gnoll barely misses you.
The gnoll hits you from afar with a spear.
* * * LOW HITPOINT WARNING * * *
The gnoll hits you.
* * * LOW HITPOINT WARNING * * *
The gnoll closely misses you.
You barely miss the gnoll.
The gnoll is severely wounded.
The gnoll barely misses you. The gnoll hits you.
You die...

##.###..#..##.# ..... . ....
..#..##.# ######.#### ..#
#.#..##.# #..........
#.###.#..##.# #..........
####.#.........###..........
#......#.........#....(.....
#......###gg..............[(
#......# ##g####..........((
#....#.## #@# ###.......(.(
#....#..###.### #........##
#....#........####........#.
######..###.#..).)..(.....##
##.# #.#..############. #.#
#.#..# ## #.###.#..# #.
#..##.#..# ## #########
##.##.#..# #


You could see 3 gnolls.

Vanquished Creatures
  2 gnolls (D:2)
  An adder (D:2)
  A worm (D:2)
  2 dart slugs
  2 leopard geckos
  A ball python (D:1)
  6 bats
  A giant cockroach (D:1)
  5 goblins
  4 hobgoblins
  2 jackals (D:1)
  3 frilled lizards (D:1)
  5 kobolds
  4 rats
39 creatures vanquished.

Notes
Turn   | Place    | Note
-------+----------+-------------------------------------------
     0 | Abyss:1  | smedtjen the Minotaur Abyssal Knight began the quest for the Orb.
     0 | Abyss:1  | Reached XP level 1. HP: 19/19 MP: 1/1
    17 | D:1      | Escaped the Abyss
   379 | D:1      | Reached skill level 4 in Fighting
   379 | D:1      | Reached XP level 2. HP: 27/27 MP: 2/2
  1091 | D:2      | Reached XP level 3. HP: 34/34 MP: 3/3
  1758 | D:2      | Found an iron altar of Okawaru.
  2368 | D:2      | Reached ** piety under Lugonu
  2368 | D:2      | Reached XP level 4. HP: 38/41 MP: 4/4
  2375 | D:2      | HP: 2/41 [gnoll (4)]
  2376 | D:2      | Slain by a gnoll

Skill      XL: |  1  2  3 |
---------------+----------+-----
Fighting       | 4 |  4.7
Axes           | 3 |  3.5
Armour         | 3 |  3.1
Dodging        | |  1.4
Invocations    | |  1.9

Action                   |  1- 3 |  4- 6 || total
-------------------------+-------+-------++-------
Melee: Hand axe          |    99 |     4 ||   103
       Headbutt          |     9 |       ||     9
  Use: Potion            |     1 |       ||     1
  Eat: Chunk             |     1 |       ||     1
       Meat ration       |     1 |       ||     1
Armor: Leather armour    |    40 |     1 ||    41
Dodge: Dodged            |    65 |     9 ||    74
